 Dungeon Crawl Stone Soup version 0.29.0-11-gd7f09526c8 (webtiles) character file.

Game seed: 1442574959960522807

721 doricub5 the Fighter (level 7, -4/69 HPs)
             Began as a Minotaur Fighter on Sept 3, 2022.
             Slain by an ogre
             ... wielding a +0 giant club
              (23 damage)
             ... on level 5 of the Dungeon.
             The game lasted 00:10:14 (4028 turns).

doricub5 the Fighter (Minotaur Fighter)             Turns: 4028, Time: 00:10:15

Health: -4/69      AC: 12    Str: 23    XL:     7   Next: 42%
Magic:  6/6        EV:  9    Int:  5    God:
Gold:   217        SH:  4    Dex:  9    Spells: 6/6 levels left

rFire   . . .      SeeInvis .   y - +4 rapier (elec)
rCold   . . .      Faith    .   c - +0 buckler
rNeg    . . .      Spirit   .   b - +0 scale mail
rPois   .          Reflect  .   e - +1 hat
rElec   .          Harm     .   (no cloak)
rCorr   .          Rampage  .   t - +2 pair of gloves
Will    .....                   (no boots)
Stlth   ..........              (no amulet)
HPRegen 0.21/turn               (no ring)
MPRegen 0.10/turn               (no ring)

@: no status effects
A: horns 2, retaliatory headbutt
a: no special abilities


You were on level 5 of the Dungeon.
You visited 1 branch of the dungeon, and saw 5 of its levels.

You collected 217 gold pieces.

Inventory:

Hand Weapons
 a - a +0 war axe
 y - a +4 rapier of electrocution (weapon)
 A - a +0 great sword
Missiles
 o - 3 javelins (quivered)
Armour
 b - a +0 scale mail (worn)
 c - a +0 buckler (worn)
 e - a +1 hat (worn)
 t - a +2 pair of gloves (worn)
Jewellery
 x - a ring of ice
Wands
 q - a wand of flame (24)
 w - a wand of paralysis (10)
Scrolls
 f - 2 scrolls of immolation
 g - a scroll of blinking {unknown}
 h - 2 scrolls of enchant armour
 j - a scroll of fog {unknown}
 k - 3 scrolls of teleportation {unknown}
 m - a scroll of enchant weapon {unknown}
 n - 4 scrolls of poison
 p - 2 scrolls of amnesia
 r - a scroll of fear {unknown}
Potions
 d - 4 potions of might
 i - a potion of cancellation {unknown}
 l - 2 potions of heal wounds
 s - 3 potions of magic
 u - a potion of curing {unknown}
 v - a potion of lignification {unknown}
 z - a potion of ambrosia {unknown}
 B - a potion of flight {unknown}
 C - a potion of invisibility {unknown}


   Skills:
 * Level 8.8 Fighting
 - Level 2.4 Axes
 + Level 6.6 Armour
 - Level 3.9 Shields


You had 6 spell levels left.
You didn't know any spells.
Your spell library contained the following spells:

 Spells                   Type           Power      Damage    Failure   Level
 Dazzling Flash           Conj/Hex       0%         N/A       99%         3
 Agony                    Necr           0%         N/A       100%        5
 Silence                  Hex/Air        0%         N/A       100%        5


Dungeon Overview and Level Annotations

Branches:
Dungeon (5/15)
 Temple: D:4-7

Altars:
Nemelex Xobeh
Wu Jian
Xom


Innate Abilities, Weirdness & Mutations

You have a pair of horns on your head.
You reflexively headbutt those who attack you in melee.


Message History

The hound barks!
An adder comes into view.
The adder hisses angrily.
You hit the hound. Lightning courses through the hound!
You kill the hound!
The adder bites you but does no damage.
You hit the adder. Your headbutt misses the adder.
The adder is heavily wounded.
The adder bites you but does no damage.
You closely miss the adder.
The adder is heavily wounded.
The adder bites you but does no damage. The adder closely misses you.
You closely miss the adder.
The adder is heavily wounded.
The adder bites you but does no damage. The adder barely misses you.
You miss the adder.
The adder is heavily wounded.
You block the adder's attack.
You miss the adder.
The adder is heavily wounded.
The adder bites you. You block the adder's attack.
You hit the adder. Lightning courses through the adder!!
You kill the adder!
No target in view!
Found a stone staircase leading down.
An ogre comes into view. It is wielding a +0 giant club.
The ogre shouts!
An ice beast comes into view.
The ogre hits you with a +0 giant club!
You closely miss the ogre. You headbutt the ogre.
The ogre is lightly wounded.
The ogre hits you with a +0 giant club!!
You hit the ogre.
The ogre is moderately wounded.
The ogre hits you with a +0 giant club!
* * * LOW HITPOINT WARNING * * *
You barely miss the ogre. You headbutt the ogre!
The ogre is severely wounded.
The ogre hits you with a +0 giant club!!
You die...

...............# ..#...
...............# ....#.#
...............# .....##
...########...####..#...#
..<##....##...###....#
...#.....#........####
...#.....#...........#
...##....#..........#.$.#
#####....#......@......##
...##....####.YO##....#.
...##....####...# ......
...'........#...# ..>...#
...#........#...# #####..
#####.......#...
...##.......#...
............#...
............#


You could see an ice beast and an ogre.

Vanquished Creatures
  A wyvern (D:5)
  Eustachio (D:4)
  A necrophage (D:4)
  2 hounds
  A jelly (D:5)
  2 iguanas (D:4)
  Natasha (thrice) (D:2)
  Robin (D:2)
  4 adders
  A shadow imp (D:5)
  A dart slug (D:4)
  2 orcs
  4 ball pythons
  7 bats
  13 endoplasms
  3 giant cockroaches
  12 goblins
  12 hobgoblins
  4 jackals (D:3)
  3 quokkas
  2 frilled lizards (D:2)
  7 kobolds
  6 rats
93 creatures vanquished.

Notes
Turn   | Place    | Note
-------+----------+-------------------------------------------
     0 | D:1      | doricub5 the Minotaur Fighter began the quest for the Orb.
     0 | D:1      | Reached XP level 1. HP: 19/19 MP: 0/0
   443 | D:1      | Reached skill level 4 in Fighting
   450 | D:1      | Reached XP level 2. HP: 25/27 MP: 1/1
   682 | D:2      | Noticed Robin
   790 | D:2      | Noticed Natasha
   794 | D:2      | Killed Natasha
   795 | D:2      | Reached XP level 3. HP: 31/35 MP: 2/2
   934 | D:2      | Reached skill level 5 in Fighting
  1094 | D:2      | Noticed Natasha
  1101 | D:2      | Killed Natasha
  1102 | D:2      | Reached XP level 4. HP: 33/42 MP: 3/3
  1150 | D:2      | Found a faded altar of an unknown god.
  1165 | D:2      | Killed Robin
  1384 | D:2      | Noticed Natasha
  1391 | D:2      | HP: 2/44 [Natasha/puff of flame (12)]
  1392 | D:2      | Killed Natasha
  1393 | D:2      | Reached skill level 6 in Fighting
  1393 | D:2      | Reached XP level 5. HP: 3/50 MP: 4/4
  2002 | D:3      | Reached skill level 5 in Armour
  2686 | D:3      | Found a sparkling altar of Nemelex Xobeh.
  2851 | D:4      | Reached skill level 7 in Fighting
  2851 | D:4      | Reached XP level 6. HP: 60/60 MP: 5/5
  3014 | D:4      | Found a shimmering altar of Xom.
  3015 | D:4      | Found a shimmering altar of Xom.
  3016 | D:4      | Found a shimmering altar of Xom.
  3231 | D:4      | Found an ornate altar of the Wu Jian Council.
  3276 | D:4      | Noticed Eustachio
  3286 | D:4      | Killed Eustachio
  3287 | D:4      | Reached skill level 8 in Fighting
  3477 | D:4      | Found a shimmering altar of Xom.
  3791 | D:5      | Entered Level 5 of the Dungeon
  3796 | D:5      | Noticed a wyvern
  3801 | D:5      | Killed a wyvern
  3802 | D:5      | Reached XP level 7. HP: 69/69 MP: 6/6
  4028 | D:5      | Slain by an ogre

Illustrated notes

Levels and vault maps discovered:
D:1:      eino_arrival_water_star, layout_loops_ring
D:2:      layout_loops_cross, ebering_ecumenical_altar_ruins, nrook_mini_vaults,
          minmay_domino_4, uniq_natasha, uniq_robin
D:3:      layout_basic, nemelex_dance_club_becter
D:4:      layout_layer_cave, nicolae_wu_jian_wuxing_cycle, xom_redecorated,
          kennysheep_minor_cross, uniq_eustachio
D:5:      layout_gridville, minmay_temple_entry_arrows, uniq_ijyb

Skill      XL: |  1  2  3  4  5  6 |
---------------+-------------------+-----
Fighting       | 4 5 6 7 8 |  8.8
Armour         | 4 5 6 |  6.6
Axes           | |  2.4
Shields        | |  3.9

Action                   |  1- 3 |  4- 6 |  7- 9 || total
-------------------------+-------+-------+-------++-------
Melee: War axe           |    61 |   121 |       ||   182
       Headbutt          |     2 |    12 |     3 ||    17
       Rapier            |       |     4 |    12 ||    16
  Use: Scroll            |     1 |     5 |       ||     6
       Potion            |       |     1 |       ||     1
Armor: Scale mail        |    35 |    73 |     4 ||   112
Dodge: Dodged            |    22 |    73 |     3 ||    98
Block: Buckler           |    13 |    29 |     3 ||    45
